 Dungeon Crawl Stone Soup version 0.27.0-1-g7a089689b8 (webtiles) character file.

Game seed: 7277970196553133587

2891 shoop the Spear-Bearer (level 10, -8/70 HPs)
             Began as a Djinni Abyssal Knight on Aug 6, 2021.
             Was a Priest of Lugonu.
             Mangled by a two-headed ogre (32 damage)
             ... on level 7 of the Dungeon on Aug 7, 2021.
             The game lasted 00:14:06 (6391 turns).

shoop the Spear-Bearer (Djinni Abyssal Knight)      Turns: 6391, Time: 00:14:10

Health: -8/70      AC:  4    Str: 12    XL:     10   Next: 5%
Gold:   343        EV: 16    Int: 20    God:    Lugonu [***...] SH:  0 Dex: 16

rFire    + + .     SeeInvis .   b - +11 trident of Saltpetre {freeze, Int+5 Dex+2 Stlth+}
rCold    x . .     Faith    .   (no shield)
rNeg     . . .     Spirit   .   z - +0 troll leather armour {Purgy}
rPois    ∞         Reflect  .   (no helmet)
rElec    .         Harm     .   (no cloak)
rCorr    .         Rampage  .   (no gloves)
Will     ++...                  (boots unavailable)
Stlth    +++.......             (no amulet)
HPRegen  1.21/turn              m - +4 ring of evasion
MPRegen  0.00/turn              C - ring of willpower

@: flying
A: sickness immunity, fire resistance 2, cold vulnerability 1, float, innate
caster, hp casting, extra vitality 1
a: Renounce Religion, Depart the Abyss, Bend Space, Banish


You were on level 7 of the Dungeon.
You worshipped Lugonu.
Lugonu was most pleased with you.
You visited 1 branch of the dungeon, and saw 7 of its levels.
You visited the Abyss 1 time.
You also visited: Sewer and Ossuary.

You collected 343 gold pieces.

Inventory:

Hand Weapons
 a - a +1 halberd of distortion
 b - the +11 trident of Saltpetre (weapon) {freeze, Int+5 Dex+2 Stlth+}
   (You found it on level 6 of the Dungeon)

   It freezes those it strikes, dealing additional cold damage.
   It can also slow down cold-blooded creatures.
   Int:       It affects your intelligence (+5).
   Dex:       It affects your dexterity (+2).
   Stlth:     It makes you more stealthy.
 c - a +1 spear of distortion
 D - a +1 falchion
Missiles
 r - 2 throwing nets
Armour
 g - a +0 ring mail
 n - a +0 kite shield
 s - a +1 cloak
 z - a +0 troll leather armour (worn) {Purgy}
 F - a +0 leather armour
Jewellery
 l - a ring of willpower
 m - a +4 ring of evasion (left hand)
 y - a ring of protection from fire
 C - a ring of willpower (right hand)
 G - the amulet of the Air {Inacc Air Fly rElec RMsl}
   (You found it on level 7 of the Dungeon)

   [amulet of nothing]

   It reduces the accuracy of all your attacks.
   It enhances your air magic.
   rElec:     It insulates you from electricity.
   Fly:       It grants you flight.
   RMsl:      It protects you from missiles.
 H - a ring of protection from fire
Wands
 J - a wand of acid (9)
Scrolls
 e - 5 scrolls of teleportation {unknown}
 f - 2 scrolls of immolation
 i - a scroll of fear
 k - 3 scrolls of noise {unknown}
 o - a scroll of vulnerability
 p - 6 scrolls of magic mapping {unknown}
 q - 3 scrolls of fog {unknown}
 t - 5 scrolls of enchant weapon {unknown}
 x - 2 scrolls of blinking
 A - a scroll of enchant armour
Potions
 d - 8 potions of curing {unknown}
 h - 6 potions of mutation {unknown}
 j - 2 potions of heal wounds
 u - a potion of haste
 v - 3 potions of magic
 w - 3 potions of might {unknown}
 B - a potion of resistance
 E - a potion of brilliance
 I - a potion of lignification {unknown}


   Skills:
 - Level 5.0 Fighting
 - Level 1.7 Long Blades
 * Level 9.2 Polearms
 - Level 2.0 Armour
 - Level 2.1 Dodging
 - Level 1.0 Stealth
 + Level 3.7 Spellcasting
 - Level 2.0 Invocations
 + Level 1.1 Evocations


You had 8 spell levels left.
You knew the following spells:

 Your Spells              Type           Power      Damage    Failure   Level
a - Frozen Ramparts       Ice            36%        1d5       11%         3
b - Poisonous Vapours     Pois/Air       36%        N/A       5%          2
c - Blink                 Tloc           N/A        N/A       5%          2
d - Animate Skeleton      Necr           36%        N/A       3%          1
Your spell library was empty.

Dungeon Overview and Level Annotations

Branches:
Dungeon (7/15)             Temple (0/1) D:4           Sewer (visited)
Ossuary (visited)

Altars:
Elyvilon
Fedhas
Nemelex Xobeh
Okawaru
Ru
Sif Muna
Trog
Wu Jian
Yredelemnul
The Shining One

Shops:
D:2 =

Annotations:
D:7 1 runed translucent door, ratboy's ghost, novice HOAK
Abyss:1 Prince Ribbit


Innate Abilities, Weirdness & Mutations

You are immune to sickness and miasma.
You are immune to poison.
Your flesh is very heat resistant. (rF++)
You are vulnerable to cold. (rC-)
You float through the air rather than walking.
You learn spells naturally, not from books.
Your magical power is your life essence.
You have superior vitality. (+4 HP)


Message History

You puncture the howler monkey! You freeze the howler monkey.
The howler monkey is heavily wounded.
The howler monkey closely misses you.
You impale the howler monkey!! You freeze the howler monkey.
You kill the howler monkey!
Lugonu accepts your kill.
No target in view!
No target in view!
You reach down and open the door.
An orc and a two-headed ogre come into view.
The two-headed ogre shouts in stereo!
A howler monkey skeleton comes into view.
The two-headed ogre moves out of view.
The orc shouts!
You puncture the howler monkey skeleton!
The howler monkey skeleton is heavily damaged.
The howler monkey skeleton completely misses you.
A wraith comes into view.
You puncture the howler monkey skeleton!
The howler monkey skeleton is almost destroyed.
The howler monkey skeleton hits you.
You completely miss the howler monkey skeleton.
The howler monkey skeleton is almost destroyed.
The howler monkey skeleton closely misses you.
You puncture the howler monkey skeleton!
You destroy the howler monkey skeleton!
Lugonu accepts your kill.
You reach to attack!
You puncture the two-headed ogre! You freeze the two-headed ogre.
The two-headed ogre is moderately wounded.
You puncture the two-headed ogre! You freeze the two-headed ogre.
The two-headed ogre is heavily wounded.
The two-headed ogre closely misses you.
The two-headed ogre hits you with a +0 giant spiked club!!
Press: ? - help, Shift-Dir - straight line, f/p - two-headed ogre
Aim: a two-headed ogre, wielding a +0 dire flail and a +0 giant spiked club (heavily wounded, chance to affect: 67%)
You fail to use your ability.
The two-headed ogre hits you with a +0 dire flail!!
The two-headed ogre hits you with a +0 giant spiked club!!
You die...

#.♣.♣.#...#.#.#
#.♣.♣.#........
###.♣†♣.....#+#..
#....≈....#...... ##
#.#.♣.♣...#...... #.
#.#.♣.♣.#.#...... #W
#.#.♣.♣.#.#......
##o##.#.♣♣♣.#.#.#....
#..O@.#♣.♣.♣#.#.#.#..
#.♣♣♣.#♣.♣.♣#.#......
#.....#♣♣.♣♣#.......†
####### ### #.......<
:..........
##.........
+...#......
#####...... #......


You could see a two-headed ogre and an orc.

Vanquished Creatures
  Sigmund (D:2)
  Menkaure (Ossuary)
  A water moccasin (D:5)
  Purgy (Sewer)
  A sky beast (D:7)
  2 ice beasts
  An ogre (D:5)
  A necrophage (D:5)
  A centaur (D:7)
  A phantom (D:7)
  2 bullfrogs
  4 scorpions
  A wyvern zombie (D:7)
  A water moccasin zombie (D:6)
  A water moccasin skeleton (D:5)
  A howler monkey (D:7)
  A bullfrog zombie (D:6)
  2 centaur zombies (Ossuary)
  4 hounds
  2 orc priests (D:6)
  A centaur skeleton (D:6)
  2 iguanas (D:6)
  A gnoll shaman (D:4)
  Jessica (D:3)
  Terence (D:3)
  Natasha (D:2)
  An ogre zombie (Ossuary)
  A hound skeleton (D:5)
  4 mummies (Ossuary)
  7 gnolls (D:4)
  9 adders
  2 howler monkey skeletons
  2 river rats (D:4)
  An ufetubus (D:5)
  4 adder zombies (Ossuary)
  2 worms
  3 dart slugs
  10 orcs
  11 ball pythons
  6 bats
  3 endoplasms
  5 giant cockroaches
  5 hobgoblins
  2 jackals (D:4)
  4 quokkas
  3 frilled lizards
  4 goblins
  8 kobolds
  6 rats
  A rat zombie (Ossuary)
141 creatures vanquished.

Vanquished Creatures (others)
  2 withered plants (D:7)
2 creatures vanquished.

Grand Total: 143 creatures vanquished

Notes
Turn   | Place    | Note
-------+----------+-------------------------------------------
     0 | Abyss:1  | shoop the Djinni Abyssal Knight began the quest for the
                  | Orb.
     0 | Abyss:1  | Reached XP level 1. HP: 20/20 MP: 0/0
    55 | Abyss:1  | Found a corrupted altar of Lugonu.
    56 | Abyss:1  | Found a corrupted altar of Lugonu.
   103 | Abyss:1  | Noticed a smoke demon
   104 | D:1      | Escaped the Abyss
   225 | D:1      | Reached skill level 1 in Polearms
   236 | D:1      | Reached XP level 2. HP: 25/25 MP: 0/0
   387 | D:1      | Reached * piety under Lugonu
   610 | D:1      | Reached XP level 3. HP: 30/30 MP: 0/0
   610 | D:1      | Learned a level 1 spell: Animate Skeleton
   745 | D:1      | Reached skill level 2 in Polearms
   846 | D:2      | Found a faded altar of an unknown god.
   857 | D:2      | Found a sparkling altar of Nemelex Xobeh.
  1266 | D:2      | Noticed Sigmund
  1274 | D:2      | Killed Sigmund
  1275 | D:2      | Reached skill level 4 in Polearms
  1275 | D:2      | Reached XP level 4. HP: 27/35 MP: 0/0
  1275 | D:2      | Reached XP level 5. HP: 31/40 MP: 0/0
  1275 | D:2      | Learned a level 2 spell: Poisonous Vapours
  1275 | D:2      | Reached XP level 6. HP: 36/46 MP: 0/0
  1516 | D:2      | Noticed Natasha
  1525 | D:2      | Killed Natasha
  1576 | D:2      | Found Lovuzen's Jewellery Boutique.
  2169 | D:3      | Noticed Terence
  2181 | D:3      | Killed Terence
  2509 | D:3      | Noticed Jessica
  2511 | D:3      | Killed Jessica
  2692 | D:4      | Found a sand-covered staircase.
  2697 | Ossuary  | Entered an ossuary
  2741 | Ossuary  | Reached ** piety under Lugonu
  2742 | Ossuary  | Reached skill level 1 in Stealth
  2760 | Ossuary  | Reached XP level 7. HP: 50/50 MP: 0/0
  2760 | Ossuary  | Learned a level 2 spell: Blink
  2764 | Ossuary  | Noticed Menkaure
  2773 | Ossuary  | Killed Menkaure
  2774 | Ossuary  | Reached skill level 5 in Polearms
  2774 | Ossuary  | Reached skill level 1 in Spellcasting
  2899 | D:4      | Found a staircase to the Ecumenical Temple.
  2935 | D:4      | Reached skill level 6 in Polearms
  2935 | D:4      | Reached XP level 8. HP: 40/56 MP: 0/0
  3279 | D:4      | Found a glowing golden altar of the Shining One.
  3352 | D:4      | Found a glowing drain.
  3356 | Sewer    | Entered a sewer
  3602 | Sewer    | Noticed Purgy
  3614 | Sewer    | Killed Purgy
  3970 | D:4      | Reached *** piety under Lugonu
  4455 | D:5      | Entered Level 5 of the Dungeon
  4484 | D:5      | Reached skill level 7 in Polearms
  4502 | D:5      | Noticed Prince Ribbit
  4511 | D:5      | Banished Prince Ribbit
  4512 | D:5      | Reached XP level 9. HP: 25/63 MP: 0/0
  4512 | D:5      | Learned a level 3 spell: Frozen Ramparts
  4595 | D:5      | Reached skill level 5 in Fighting
  4601 | D:5      | Found a sacrificial altar of Ru.
  4955 | D:5      | Reached skill level 8 in Polearms
  5710 | D:6      | Found an ornate altar of the Wu Jian Council.
  5710 | D:6      | Found an iron altar of Okawaru.
  5718 | D:6      | Found a white marble altar of Elyvilon.
  5720 | D:6      | Found a basalt altar of Yredelemnul.
  5722 | D:6      | Found a blossoming altar of Fedhas.
  5989 | D:6      | Identified the +11 trident of Saltpetre {freeze, Int+5
                  | Dex+2 Stlth+}
  6136 | D:7      | Found the amulet of the Air {Inacc Air Fly rElec RMsl}
  6193 | D:7      | Reached skill level 9 in Polearms
  6266 | D:7      | Found a bloodstained altar of Trog.
  6290 | D:7      | Found a runed translucent door.
  6290 | D:7      | Noticed ratboy's ghost (novice HOAK)
  6322 | D:7      | Reached XP level 10. HP: 57/70 MP: 0/0
  6341 | D:7      | Reached skill level 1 in Evocations
  6383 | D:7      | Noticed a two-headed ogre
  6391 | D:7      | Mangled by a two-headed ogre

Illustrated notes

Levels and vault maps discovered:
D:1:      arrival_zaba_pyramid, layout_loops_ring
D:2:      layout_loops_corners, basic_altar, chequers_ecumenical_altar_simple,
          serial_shops, shop, minmay_tetromino_i4, uniq_sigmund, uniq_natasha
D:3:      layout_loops_corners, tgw_sif, uniq_terence
D:4:      layout_cave_pods, tso_metal_star,
          minmay_temple_entry_statues_fountains, gup_sewer_entry_spiral,
          nicolae_ossuary_entry_ruins
D:5:      layout_loops_ring, old_standard_altar, roderic_nine_men_s_morris,
          uniq_prince_ribbit1
D:6:      layout_gridville, chequers_temple_overflow_minitemple
D:7:      nzn_winding_woodlands_small [nzn_winding_woodlands_5x15_parted,
          nzn_winding_woodlands_center_lodge, nzn_winding_woodlands_5x15_eye],
          layout_basic, overflow_temple_1_default, trog_book,
          gammafunk_ghost_grave

Skill      XL: |  1  2  3  4  5  6  7  8  9 10 |
---------------+-------------------------------+-----
Polearms       | 1 4 6 7 9 |  9.2
Invocations    | 2 |  2.0
Stealth        | 1 |  1.0
Armour         | 2 |  2.0
Spellcasting   | 2 3 |  3.7
Fighting       | 4 5 |  5.0
Evocations     | 1 |  1.1
Long Blades    | |  1.7
Dodging        | |  2.1

Action                   |  1- 3 |  4- 6 |  7- 9 | 10-12 || total
-------------------------+-------+-------+-------+-------++-------
Melee: Spear             |    62 |    63 |   157 |       ||   282
       Halberd           |       |       |   126 |       ||   126
       Trident           |       |       |    11 |    13 ||    24
 Cast: Frozen Ramparts   |       |       |     7 |       ||     7
Invok: Depart the Abyss  |     1 |       |       |       ||     1
  Use: Scroll            |       |       |    10 |       ||    10
 Stab: Sleeping          |       |       |     2 |       ||     2
Armor: Leather armour    |     1 |       |       |       ||     1
       Ring mail         |     9 |     3 |    26 |       ||    38
       Troll leather arm |       |       |    17 |       ||    17
Dodge: Dodged            |    24 |    27 |   161 |     7 ||   219
